 Dungeon Crawl Stone Soup version 0.22-a0-609-gfedc9ff (webtiles) character file.

168 sking99 the Insei (level 5, -9/39 HPs)
             Began as a Merfolk Transmuter on July 10, 2018.
             Killed by divine providence
             ... invoked by an orc priest
              (15 damage)
             ... on level 3 of the Dungeon.
             The game lasted 00:04:17 (2626 turns).

sking99 the Insei (Merfolk Transmuter)              Turns: 2626, Time: 00:04:17

Health: -9/39      AC:  2    Str: 10    XL:     5   Next: 48%
Magic:  8/8        EV: 14    Int: 12    God:
Gold:   106        SH:  0    Dex: 16    Spells: 2/8 levels left

rFire    . . .     SeeInvis .     - Unarmed
rCold    . . .     Gourm    .   (no shield)
rNeg     . . .     Faith    .   b - +0 robe
rPois    .         Spirit   .   (no helmet)
rElec    .         Reflect  .   (no cloak)
rCorr    .         Harm     .   (no gloves)
MR       .....                  (no boots)
Stlth    +.........             (no amulet)
HPRegen  0.13/turn              (no ring)
MPRegen  0.11/turn              (no ring)

@: no status effects
A: change form in water, swift swim, stealthy swim
a: no special abilities


You were on level 3 of the Dungeon.
You were hungry.

You visited 1 branch of the dungeon, and saw 3 of its levels.

You collected 106 gold pieces.

Inventory:

Missiles
 a - 33 arrows
Armour
 b - a +0 robe (worn)
 l - a +2 robe of cold resistance
Scrolls
 e - a scroll of remove curse {unknown}
 i - a scroll of identify {unknown}
 k - 2 scrolls of teleportation {unknown}
Potions
 c - 6 potions of curing {unknown}
 g - 2 potions of mutation {unknown}
 h - a potion of flight {unknown}
 j - a potion of degeneration {unknown}
 m - a potion of heal wounds {unknown}
 n - a potion of ambrosia {unknown}
Comestibles
 d - 4 rations
 f - 4 chunks of flesh


   Skills:
 + Level 2.5 Fighting
 + Level 4.0 Dodging
 * Level 4.7 Unarmed Combat
 - Level 2.0 Spellcasting
 + Level 4.0 Transmutations
 - Level 1.0 Poison Magic


You had 2 spell levels left.
You knew the following spells:

 Your Spells              Type           Power        Failure   Level  Hunger
a - Beastly Appendage     Tmut           ##....       5%          1    ##.....
b - Sticks to Snakes      Tmut           ##......     8%          2    ###....
c - Spider Form           Tmut/Pois      #.........   28%         3    ####...

Your spell library contained the following spells:

 Spells                   Type           Power        Failure   Level  Hunger
 Confuse                  Hex            #.......     63%         3    ####...
 Blade Hands              Tmut           ##........   82%         5    ######.
 Ice Form                 Ice/Tmut       #.......     75%         4    #####..
 Confusing Touch          Hex            #.....       26%         1    ##.....
 Metabolic Englaciation   Hex/Ice        #.........   100%        5    ######.
 Petrify                  Tmut/Erth      #.......     75%         4    #####..
 Gell's Gravitas          Tloc           #.........   63%         3    ####...
 Yara's Violent Unravell  Hex/Tmut       #.........   97%         5    ######.


Dungeon Overview and Level Annotations

Branches:
Dungeon (3/15)

Altars:


Message History

The orc priest looks encouraged for a moment.
Things that are here:
a flail; a ring mail; an orc corpse An orc comes into view.
It is wielding a club.
The orc shouts!
You hear a shout!
The orc priest calls down the wrath of Beogh upon you.
Beogh smites you!
Found 9 gold pieces.
You are too injured to fight recklessly!
Things that are here:
a flail; a ring mail; an orc corpse You are feeling hungry.
The orc priest invokes the aid of Beogh against you.
Beogh smites you!
* * * LOW HITPOINT WARNING * * *
You hear a shout!
Unknown command.
The orc priest calls down the wrath of Beogh upon you.
Beogh smites you!
You die...

... # #.##
.#.###o.#
.......#o#
##.......##
.....###..#
...#......#####
## ######.....#
#.@...# #.....#
#.....# #...<.#
#.....# #.....#
#######


You could see an orc priest and an orc.

Vanquished Creatures
  An orc priest (D:2)
  Jessica (D:2)
  A worker ant (D:2)
  An adder (D:2)
  3 worms (D:2)
  A dart slug (D:2)
  3 leopard geckos
  5 orcs
  3 ball pythons
  4 bats
  7 giant cockroaches
  6 goblins
  8 hobgoblins
  7 kobolds
  3 frilled lizards
  10 rats
64 creatures vanquished.

Notes
Turn   | Place    | Note
-------+----------+-------------------------------------------
     0 | D:1      | sking99 the Merfolk Transmuter began the quest for the Orb.
     0 | D:1      | Reached XP level 1. HP: 15/15 MP: 3/3
   516 | D:1      | Reached XP level 2. HP: 17/21 MP: 3/5
  1158 | D:1      | Reached XP level 3. HP: 20/26 MP: 4/6
  1581 | D:1      | Learned a level 2 spell: Sticks to Snakes
  1585 | D:1      | Learned a level 3 spell: Spider Form
  1809 | D:2      | Reached XP level 4. HP: 23/33 MP: 5/7
  2103 | D:2      | Reached skill level 1 in Poison Magic
  2162 | D:2      | Reached XP level 5. HP: 39/39 MP: 4/8
  2366 | D:2      | Noticed Jessica
  2372 | D:2      | Killed Jessica
  2626 | D:3      | Killed from afar by an orc priest

Vault maps used:
D:1:      minmay_arrival_wavy_path
D:2:      cheibrodos_pilgrimage, uniq_jessica
D:3:      serial_undead, serial_undead_a, serial_undead_b, serial_undead_e,
          serial_undead_d

Skill      XL: |  1  2  3  4  5 |
---------------+----------------+-----
Dodging        | 3 4 |  4.0
Transmutations | 3 4 |  4.0
Unarmed Combat | 4 |  4.7
Fighting       | 2 |  2.5
Poison Magic   | 1 |  1.0
Spellcasting   | |  2.0

Action                   |  1- 3 |  4- 6 || total
-------------------------+-------+-------++-------
Melee: Unarmed           |   162 |    63 ||   225
       Headbutt          |    15 |     2 ||    17
       Punch             |     1 |     1 ||     2
 Cast: Beastly Appendage |    14 |       ||    14
       Sticks to Snakes  |       |     2 ||     2
       Spider Form       |       |     3 ||     3
 Stab: Sleeping          |     1 |     1 ||     2
  Eat: Chunk             |     3 |     3 ||     6
Armor: Robe              |    27 |     2 ||    29
Dodge: Dodged            |   118 |    33 ||   151

Table legend:
 A = Spawn XP
 B = Non-spawn XP
 C = Spawn XP percentage of total XP
 D = Spawn monster count
 E = Non-spawn monster count
 F = Spawn count percentage of total count
 G = Total turns spent on level
                    A         B        C        D         E        F      G
               +---------+---------+-------+---------+---------+-------+---------
         Total |       0 |     240 |   0.0 |       0 |      64 |   0.0 |  2626
               +---------+---------+-------+---------+---------+-------+---------
           D:1 |       0 |      47 |   0.0 |       0 |      28 |   0.0 |  1583
           D:2 |       0 |     189 |   0.0 |       0 |      34 |   0.0 |  1021
           D:3 |       0 |       4 |   0.0 |       0 |       2 |   0.0 |    22
               +---------+---------+-------+---------+---------+-------+---------
